 Dungeon Crawl Stone Soup version 0.28-a0-1199-gef9e1dbd39 (webtiles) character file.

Game seed: 1002583945053818672

2181670 GoddamnPoopooFuck the Unseen (level 27, 222/222 HPs)
             Began as a Gnoll Delver on Dec 18, 2021.
             Was the Champion of Cheibriados.
             Escaped with the Orb
             ... and 4 runes on Dec 20, 2021!
             The game lasted 11:39:28 (76624 turns).

GoddamnPoopooFuck the Unseen (Gnoll Delver)        Turns: 76624, Time: 11:39:29

Health: 222/222    AC: 44    Str: 29      XL:     27
Magic:  19/45      EV: 34    Int: 52 (54) God:    Cheibriados [******]
Gold:   4898       SH: 13    Dex: 34      Spells: 4/63 levels left

rFire   + + +      SeeInvis .   b - +10 scimitar of Giuveh {vamp, rN+ Int+6}
rCold   . . .      Faith    .   Z - +2 buckler {reflect}
rNeg    + + .      Spirit   .   j - +10 shadow dragon scales of Imoso {rElec Dex+4 Stlth++++}
rPois   +          Reflect  +   v - +2 helmet {Int+3}
rElec   +          Harm     .   F - +4 dragonskin cloak
rCorr   +          Rampage  .   e - +1 pair of gloves
Will    +++..                   K - +2 pair of boots of Forking Paths {Int+4}
Stlth   ++++......              h - amulet "Igiguiw" {rC- rN+ Regen+ Int+2}
HPRegen 1.27/turn               T - ring "Pini" {Will+ Int+4}
MPRegen 0.29/turn               Q - ring "Doupel" {Drain rF++ rCorr EV+4 Slay+5}

@: brilliant, resistant, very slow
A: fangs 2, strong nose, distributed training, deterioration 1, passive freeze,
subdued magic 3
0: Orb of Zot
}: 4/15 runes: decaying, serpentine, slimy, abyssal
a: Renounce Religion, Bend Time, Temporal Distortion, Slouch, Step From Time


You escaped.
You worshipped Cheibriados.
Cheibriados was exalted by your worship.
You visited 11 branches of the dungeon, and saw 53 of its levels.
You visited the Abyss 1 time.
You also visited: Sewer and Gauntlet.

You collected 7628 gold pieces.
You spent 2730 gold pieces at shops.

Inventory:

Hand Weapons
 a - the +9 staff of Olgreb {rPois∞}
   (You acquired it on level 10 of the Dungeon)

   If the wielder is skilled in Evocations, they can envenom those struck by it,
   dealing poison damage which bypasses armour.
   It enhances your poison magic.
   It grants immunity to poison.
   It can be evoked to radiate toxic energy, with effectiveness depending on
   Evocations skill.
 b - the +10 scimitar of Giuveh (weapon) {vamp, rN+ Int+6}
   (You found it on level 6 of the Lair of Beasts)

   It occasionally heals its wielder for a portion of the damage dealt when it
   wounds a living foe.
   Int:       It affects your intelligence (+6).
   rN:        It protects you from negative energy.
Missiles
 V - 8 silver javelins (quivered)
Armour
 e - a +1 pair of gloves (worn)
 j - the +10 shadow dragon scales of Imoso (worn) {rElec Dex+4 Stlth++++}
   (You found it on level 6 of the Lair of Beasts)

   Dex:       It affects your dexterity (+4).
   rElec:     It insulates you from electricity.
   Stlth:     It makes you much more stealthy.
 n - a scarf of resistance
 v - a +2 helmet of intelligence (worn)
 F - the +4 dragonskin cloak (worn)
   (You took it off Tiamat on level 4 of the Realm of Zot)

   It grants the wearer a chance to resist fire, cold, poison, electricity,
   acid, and negative energy.
 K - the +2 pair of boots of Forking Paths (worn) {Int+4}
   (You acquired it on level 2 of the Lair of Beasts)

   Int:       It affects your intelligence (+4).
 Z - a +2 buckler of reflection (worn)
Jewellery
 c - the ring of Dawn {rN+ Will+}
   (You found it in a Gauntlet)

   [ring of positive energy]

   rN:        It protects you from negative energy.
   Will:      It increases your willpower.
 h - the amulet "Igiguiw" (around neck) {rC- rN+ Regen+ Int+2}
   (You acquired it on level 1 of the Lair of Beasts)

   [amulet of regeneration]

   Int:       It affects your intelligence (+2).
   rC:        It makes you vulnerable to cold.
   rN:        It protects you from negative energy.
   Regen:     It increases your rate of health regeneration.
 r - the ring of the Mage {Wiz Archmagi}
   (You took it off a white draconian on level 4 of the Depths)

   [ring of wizardry]

   It improves your spell success rate.
   Archmagi:  It increases the power of your magical spells.
 Q - the ring "Doupel" (right hand) {Drain rF++ rCorr EV+4 Slay+5}
   (You found it on level 1 of the Realm of Zot)

   [ring of evasion]

   EV:        It affects your evasion (+4).
   Slay:      It affects your accuracy & damage with ranged weapons and melee
   (+5).
   rF:        It greatly protects you from fire.
   rCorr:     It protects you from acid and corrosion.
   Drain:     It drains your maximum health when unequipped.
 T - the ring "Pini" (left hand) {Will+ Int+4}
   (You bought it in a shop on level 2 of the Orcish Mines)

   [ring of willpower]

   Int:       It affects your intelligence (+4).
   Will:      It increases your willpower.
 X - the ring of Qiepni {rC+ rN+ rCorr}
   (You found it on level 1 of the Realm of Zot)

   [ring of positive energy]

   rC:        It protects you from cold.
   rN:        It protects you from negative energy.
   rCorr:     It protects you from acid and corrosion.
Wands
 g - a wand of digging (6)
 p - a wand of acid (16)
 t - a wand of mindburst (16)
 B - a wand of charming (15)
 J - a wand of flame (39)
 L - a wand of polymorph (31)
 M - a wand of iceblast (51)
 O - a wand of paralysis (40)
Scrolls
 d - 23 scrolls of teleportation
 q - 3 scrolls of fog
 w - 4 scrolls of fear
 x - 7 scrolls of vulnerability
 D - 10 scrolls of immolation
 E - 4 scrolls of torment
 H - a scroll of summoning
 P - 4 scrolls of amnesia
 S - 2 scrolls of holy word
 W - a scroll of silence
 Y - a scroll of blinking
Potions
 f - 7 potions of invisibility
 i - 6 potions of attraction
 k - a potion of berserk rage
 l - 3 potions of magic
 s - 2 potions of brilliance
 u - 10 potions of mutation
 z - 2 potions of resistance
 A - 30 potions of curing
 C - 9 potions of ambrosia
 G - a potion of cancellation
 I - 5 potions of flight
 N - 7 potions of might
Miscellaneous
 m - a lightning rod (4/4)
 o - a phial of floods
 y - a condenser vane
 R - a phantom mirror
 U - a box of beasts


   Skills:
 + Level 19.4 Fighting
 + Level 19.0 Short Blades
 + Level 18.5 Long Blades
 + Level 18.5 Axes
 + Level 18.5 Maces & Flails
 + Level 18.5 Polearms
 + Level 18.5 Staves
 + Level 18.5 Slings
 + Level 18.5 Bows
 + Level 18.5 Crossbows
 + Level 18.5 Throwing
 + Level 18.5 Armour
 + Level 19.0 Dodging
 + Level 20.4 Stealth
 + Level 18.5 Shields
 + Level 18.5 Unarmed Combat
 + Level 18.5 Spellcasting
 + Level 15.8 Conjurations
 + Level 15.8 Hexes
 + Level 15.8 Summonings
 + Level 15.8 Necromancy
 + Level 15.8 Translocations
 + Level 15.8 Transmutations
 + Level 15.8 Fire Magic
 + Level 15.8 Ice Magic
 + Level 15.8 Air Magic
 + Level 15.8 Earth Magic
 + Level 15.8 Poison Magic
 + Level 20.0 Invocations
 + Level 18.5 Evocations


You had 4 spell levels left.
You knew the following spells:

 Your Spells              Type           Power      Damage    Failure   Level
a - Ignition              Fire           53%        3d15      4%          8
b - Ozocubu's Refrigerat  Ice            53%        4d15      1%          7
c - Malign Gateway        Summ/Tloc      53%        N/A       1%          7
d - Spellforged Servitor  Conj/Summ      53%        N/A       1%          7
e - Summon Horrible Thin  Summ           53%        N/A       4%          8
f - Freezing Cloud        Conj/Ice/Air   53%        6-21      0%          5
g - Lee's Rapid Deconstr  Erth           53%        3d26*     0%          5
h - Starburst             Conj/Fire      53%        6d14      1%          6
i - Iron Shot             Conj/Erth      53%        9d10      1%          6

Your spell library contained the following spells:

 Spells                   Type           Power      Damage    Failure   Level
 Apportation              Tloc           100%       N/A       0%          1
 Beastly Appendage        Tmut           100%       N/A       0%          1
 Foxfire                  Conj/Fire      100%       2x1d9     0%          1
 Magic Dart               Conj           100%       1d8       0%          1
 Sting                    Tmut/Pois      100%       1d8       0%          1
 Summon Small Mammal      Summ           100%       N/A       0%          1
 Blink                    Tloc           100%       N/A       0%          2
 Call Imp                 Summ           100%       N/A       0%          2
 Ensorcelled Hibernation  Hex/Ice        100%       N/A       0%          2
 Passwall                 Tmut/Erth      88%        N/A       0%          2
 Searing Ray              Conj           100%       2d8       0%          2
 Wereblood                Tmut           100%       N/A       0%          2
 Call Canine Familiar     Summ           100%       N/A       0%          3
 Conjure Flame            Conj/Fire      100%       6-21      0%          3
 Dazzling Flash           Conj/Hex       100%       N/A       0%          3
 Frozen Ramparts          Ice            100%       1d12      0%          3
 Gell's Gravitas          Tloc           100%       N/A       0%          3
 Ignite Poison            Fire/Tmut/Pois 100%       N/A       0%          3
 Inner Flame              Hex/Fire       100%       N/A       0%          3
 Lesser Beckoning         Tloc           100%       N/A       0%          3
 Mephitic Cloud           Conj/Pois/Air  100%       N/A       0%          3
 Ozocubu's Armour         Ice            100%       N/A       0%          3
 Spider Form              Tmut/Pois      100%       N/A       0%          3
 Stone Arrow              Conj/Erth      100%       3d13      0%          3
 Summon Guardian Golem    Hex/Summ       100%       N/A       0%          3
 Teleport Other           Tloc           100%       N/A       0%          3
 Tukima's Dance           Hex            100%       N/A       0%          3
 Animate Armour           Summ/Erth      100%       N/A       0%          4
 Cause Fear               Hex            53%        N/A       0%          4
 Flame Wave               Conj/Fire      100%       2d14      0%          4
 Fulminant Prism          Conj/Hex       53%        3d23      0%          4
 Ice Form                 Ice/Tmut       100%       N/A       0%          4
 Iskenderun's Mystic Bla  Conj/Tloc      100%       2d19      0%          4
 Olgreb's Toxic Radiance  Pois           100%       N/A       0%          4
 Passage of Golubria      Tloc           100%       N/A       0%          4
 Summon Ice Beast         Ice/Summ       100%       N/A       0%          4
 Agony                    Necr           100%       N/A       0%          5
 Alistair's Intoxication  Tmut/Pois      70%        N/A       0%          5
 Blade Hands              Tmut           53%        N/A       0%          5
 Fireball                 Conj/Fire      53%        3d21      0%          5
 Irradiate                Conj/Tmut      53%        3d31      0%          5
 Iskenderun's Battlesphe  Conj           100%       2d15      0%          5
 Manifold Assault         Tloc           100%       N/A       0%          5
 Silence                  Hex/Air        53%        N/A       0%          5
 Summon Forest            Summ/Tloc      53%        N/A       0%          5
 Summon Mana Viper        Hex/Summ       100%       N/A       0%          5
 Yara's Violent Unravell  Hex/Tmut       53%        3d20      0%          5
 Conjure Ball Lightning   Conj/Air       53%        3x3d18    1%          6
 Dispersal                Tloc           53%        N/A       1%          6
 Statue Form              Tmut/Erth      70%        N/A       1%          6
 Summon Cactus Giant      Summ           53%        N/A       1%          6
 Dragon Form              Tmut           53%        N/A       1%          7
 Haunt                    Necr/Summ      53%        N/A       1%          7
 Orb of Destruction       Conj           53%        9d16      1%          7
 Storm Form               Tmut/Air       53%        N/A       1%          7
 Discord                  Hex            53%        N/A       4%          8
 Disjunction              Tloc           53%        N/A       4%          8
 Lehudib's Crystal Spear  Conj/Erth      53%        10d12     4%          8
 Chain Lightning          Conj/Air       53%        3d70      71%         9
 Dragon's Call            Summ           53%        N/A       71%         9
 Fire Storm               Conj/Fire      53%        8d13      71%         9
 Shatter                  Erth           53%        3d40*     71%         9


Dungeon Overview and Level Annotations

Branches:
Dungeon (15/15)            Temple (1/1) D:4            Lair (6/6) D:11
  Swamp (4/4) Lair:2        Snake (4/4) Lair:4        Slime (5/5) Lair:6
    Orc (2/2) D:10            Elf (3/3) Orc:2        Vaults (4/5) D:14
  Crypt (0/3) Vaults:3     Depths (4/4) D:15            Zot (5/5) Depths:4
  Sewer (visited)         Gauntlet (visited)

Altars:
Ashenzari
Cheibriados
Dithmenos
Elyvilon
Fedhas
Gozag
Hepliaklqana
Kikubaaqudgha
Makhleb
Nemelex Xobeh
Okawaru
Qazlal
Ru
Sif Muna
Trog
Uskayaw
Vehumet
Wu Jian
Xom
Yredelemnul
Zin
The Shining One
Beogh
Jiyva

Shops:
D:6 *   D:14 :   Orc:2 =(=?*   Snake:1 !   Snake:4 (   Depths:1 !

Portals:
Hell: Depths:1 Depths:2 Depths:3 Depths:4
Abyss: Depths:2 Depths:3
Pandemonium: Orc:2 Depths:2
Ziggurat: Depths:3
Trove: Elf:1 (give +6 demon trident)

Annotations:
D:4 1 transporter
D:7 1 runed translucent door, jejorda2's ghost, novice PaBe
Snake:1 1 exclusion
Vaults:3 Mennas
Vaults:4 exclusion: 2 doors
Depths:4 1 runed translucent door, exclusion: door
Zot:2 3 runed translucent doors, exclusion: 3 doors, Eheohidd's ghost, veteran TrCK


Innate Abilities, Weirdness & Mutations

You have extremely sharp teeth.
Your uncanny sense of smell can sniff out nearby items.
Your experience applies equally to all skills.
Your body sometimes deteriorates upon taking damage.
A frigid envelope surrounds you and freezes all who hurt you.
Your spells are much easier to cast, but much less powerful.


Message History

The demonspawn corrupter is severely wounded.
The shadow demon gestures.
Your large abomination hits the shadow demon!
The shadow demon dies!
Cheibriados appreciates the change of pace.
The rat dissolves into shadows!
Casting: Ignition (dangerous; 4% risk of failure)
Confirm with . or Enter, or press ? or * to list all spells.
Casting: Ignition (dangerous; 4% risk of failure)
Press: ? - help, Dir - look around, f - activate You can't see that place. [the floor.]
Okay, then.
Casting: Ignition (dangerous; 4% risk of failure)
Confirm with . or Enter, or press ? or * to list all spells.
Casting: Ignition (dangerous; 4% risk of failure)
Press: ? - help, Dir - look around, f - activate You feel a surge of power!
The air bursts into flame!
The fireball engulfs the demonspawn corrupter!
The demonspawn corrupter is almost dead.
Casting: Ignition (dangerous; 4% risk of failure)
Confirm with . or Enter, or press ? or * to list all spells.
Casting: Ignition (dangerous; 4% risk of failure)
Press: ? - help, Dir - look around, f - activate You feel a surge of power!
The air bursts into flame!
The fireball engulfs the demonspawn corrupter!!!
You kill the demonspawn corrupter!
Cheibriados appreciates the change of pace.
The acid blob disappears in a puff of smoke!
Cheibriados appreciates the change of pace.
You feel a bit more experienced.
You swap places.
There is an open door here.
Things that are here:
a +2 demon whip of electrocution; a +0 chain mail; a demonspawn corpse
Items here: ( )) [ †.
Okay, then.
There is a staircase leading out of the dungeon here.
There is a staircase leading out of the dungeon here.
You have escaped!

# #....#.###############........
####...###.##.......### ##.......
'.....## ##X..........## ##......
####..# ##..§.##'##....## #......
# #..# #...#.##.####...# #......
#.####..##.......##..####....#
#.# #...#..#####..#...# #...##
##.# #..##.##...##.##..# #..##
#..# #..##.##.@.##.##..# #..#
#.)# #..##X##XXX##.##..# #..#
#..# #...#X.##X##..#...# #..##
###..####..##X.XX...##..####...##
......# #...#########...# #.....#
###...# ##....#####....## #......
#...## ##...........## ##...###
#....## ###.......### ##....# #
#.....########.########.....#


You could see 6 friendly large abominations.

Vanquished Creatures
  the Royal Jelly (Slime:5)
  A dread lich (Zot:1)
  2 ancient liches
  2 orbs of fire
  Tiamat (Zot:4)
  A juggernaut (Depths:3)
  the Lernaean hydra (Swamp:4)
  2 Killer Klowns
  A curse toe (Zot:5)
  A caustic shrike (Depths:3)
  Vashnia (Snake:4)
  2 golden dragons
  A pearl dragon (Elf:1)
  An electric golem (Zot:1)
  10 tentacled monstrosities
  A walking earthen tome (Depths:3)
  9 Orb Guardians
  A walking frostbound tome (Depths:4)
  Asterion (Vaults:1)
  3 quicksilver dragons
  2 deep elf blademasters
  2 titans
  A deep elf master archer (Elf:3)
  13 acid blobs
  An ancient champion (Vaults:3)
  An eldritch tentacle (Elf:3)
  12 death cobs
  4 shadow dragons
  3 storm dragons
  3 sphinxes
  A tengu reaver (Vaults:4)
  3 draconian monks
  A demonspawn warmonger (D:1)
  12 rockslimes
  2 draconian knights
  9 azure jellies
  11 nagarajas
  5 fire giants
  4 deep elf sorcerers
  2 ghost moths
  8 vault wardens
  Aizul (Snake:1)
  An orc warlord (Vaults:4)
  A balrug (Gauntlet)
  3 draconian stormcallers
  6 frost giants
  5 draconian shifters
  A cacodemon (Zot:5)
  3 deep elf elementalists (Elf:3)
  A demonspawn corrupter (D:1)
  7 ironbound preservers
  9 quicksilver oozes
  2 draconian annihilators
  A spriggan defender (Depths:3)
  A quicksilver ooze (shapeshifter) (Depths:2)
  2 ironbound thunderhulks
  3 war gargoyles
  4 stone giants
  2 vampire knights
  10 deep elf demonologists
  9 very ugly things
  7 green draconians
  A starcursed mass (Abyss:3)
  2 red draconians (Zot:1)
  5 eleionomae
  A dire elephant (shapeshifter) (Depths:2)
  An entropy weaver (shapeshifter) (Depths:2)
  6 deep elf annihilators
  11 white draconians
  8 dire elephants
  3 bunyips
  A spark wasp (Depths:2)
  11 purple draconians
  7 yellow draconians
  3 black draconians
  4 entropy weavers
  A minotaur (Gauntlet)
  2 ettins (Depths:3)
  5 deep elf death magi
  Josephine (D:12)
  6 fire dragons
  7 great orbs of eyes
  11 yaktaur captains
  A deep elf high priest (Elf:3)
  5 ice dragons
  A rakshasa (D:15)
  2 demonspawn (Orc:2)
  25 hydras
  A salamander tyrant (Snake:2)
  A spriggan air mage (Depths:1)
  4 ghost crabs
  11 naga warriors
  12 vault guards
  5 boulder beetles
  12 anacondas
  7 centaur warriors
  A merfolk avatar (Abyss:3)
  2 catoblepae
  A death knight (Vaults:3)
  9 ironbound frosthearts
  27 dancing weapons
  3 two-headed ogres
  2 tengu warriors
  5 death yaks
  2 deep troll earth magi
  8 orc high priests (Orc:2)
  11 alligators
  4 thrashing horrors (Abyss:3)
  13 naga sharpshooters
  A spriggan berserker (Depths:1)
  9 shock serpents
  A soul eater (Vaults:3)
  A sun demon (Zot:4)
  A hell knight (Depths:3)
  An iron troll (Depths:1)
  18 deep elf knights
  2 salamander mystics
  2 spriggan druids
  2 spatial maelstroms (Abyss:3)
  5 goliath frogs
  8 sea snakes
  2 naga ritualists (Snake:2)
  10 swamp dragons
  3 glowing orange brains
  4 bog bodies
  8 lindwurms
  3 obsidian statues (Depths:2)
  11 ironbound convokers
  11 deep trolls
  A necromancer (Depths:1)
  15 deep elf archers
  An orange crystal statue (Depths:2)
  11 wizards
  8 orc knights
  20 deep elf zephyrmancers
  6 mana vipers
  7 harpies
  4 phantasmal warriors
  33 deep elf pyromancers
  7 salamanders
  4 cyclopes
  6 orc sorcerers
  3 shining eyes
  2 large abominations (Abyss:3)
  A manticore (shapeshifter) (Depths:4)
  5 will-o-the-wisps
  18 moths of wrath
  2 manticores
  26 ugly things
  7 nameless horrors
  52 black mambas
  13 vault sentinels
  Maurice (D:9)
  An apocalypse crab (Abyss:3)
  An eye of devastation (shapeshifter) (Depths:2)
  8 elephants
  11 guardian serpents
  27 naga magi
  4 eyes of devastation
  4 gargoyles
  2 rust devils (Orc:2)
  A torpor snail (Lair:6)
  2 smoke demons (Abyss:3)
  A black mamba (shapeshifter) (Elf:3)
  8 cane toads
  A hellion (Zot:5)
  A komodo dragon (shapeshifter) (D:14)
  28 yaktaurs
  Psyche (D:9)
  2 freezing wraiths
  3 rime drakes
  4 tengu conjurers
  9 komodo dragons
  6 hellwings
  4 trolls
  A bloated husk (Swamp:3)
  10 tyrant leeches
  11 polar bears (Lair:6)
  3 meliai (D:13)
  10 hornets
  15 raiju
  3 saltlings (Vaults:1)
  12 blink frogs
  87 slime creatures
  Sigmund (D:7)
  2 redbacks (shapeshifter)
  3 air elementals
  A redback (Vaults:2)
  16 spriggans
  6 wraiths (D:12)
  A tarantella (Vaults:2)
  A vampire (D:13)
  6 water elementals
  A ynoxinul (Abyss:3)
  4 wyverns
  4 basilisks
  62 yaks
  2 fire elementals (Elf:1)
  2 steam dragons (Lair:6)
  A chaos spawn (Orc:2)
  6 wargs
  7 vampire mosquitoes
  14 swamp worms
  45 nagas
  4 acid dragons
  17 hell hounds
  Edmund (D:7)
  A floating eye (shapeshifter) (Vaults:4)
  10 swamp drakes
  2 small abominations (Abyss:3)
  11 water moccasins
  An ice beast (D:6)
  39 orc warriors
  A sky beast (D:4)
  A necrophage (D:6)
  12 ogres
  13 black bears
  34 wolves
  6 centaurs
  2 kobold brigands (D:9)
  A wyvern zombie (D:8)
  12 bullfrogs
  A gnoll sergeant (D:9)
  4 scorpions
  7 earth elementals
  2 wyvern skeletons (D:7)
  3 water moccasin skeletons
  8 killer bees
  5 wights (D:9)
  A howler monkey (D:9)
  2 electric eels
  4 centaur zombies
  2 quasits (Abyss:3)
  2 hounds
  An iron imp (Abyss:3)
  22 orc priests
  4 jellies
  Crazy Yiuf (D:3)
  2 bullfrog skeletons
  A centaur skeleton (D:7)
  A gnoll shaman (D:6)
  5 iguanas
  16 orc wizards
  A lightning spire (Zot:3)
  A killer bee zombie (D:7)
  A hound skeleton (D:5)
  2 howler monkey zombies
  12 adders
  15 gnolls
  5 river rats (Sewer)
  2 shadow imps
  An ufetubus (D:6)
  An adder skeleton (D:4)
  An adder zombie (D:5)
  A worm (D:2)
  2 dart slugs
  84 orcs
  15 ball pythons
  7 endoplasms
  7 giant cockroaches
  8 goblins
  6 hobgoblins
  9 quokkas
  4 bats
  7 frilled lizards
  18 kobolds
  23 rats
  A ball lightning (Depths:2)
1812 creatures vanquished.

Vanquished Creatures (collateral kills)
  4 ancient liches (Zot:5)
  An orb of fire (Zot:5)
  4 dread liches (Zot:5)
  A Killer Klown (Zot:5)
  Frederick (Vaults:4)
  11 golden dragons
  A Tzitzimitl (Zot:5)
  A Brimstone Fiend (D:11)
  5 electric golems
  11 tentacled monstrosities
  3 liches
  A Hell Sentinel (D:11)
  22 Orb Guardians
  A deep elf master archer (Elf:3)
  3 walking divine tomes (Depths:4)
  A titan (Depths:3)
  A deep elf blademaster (Elf:3)
  10 acid blobs
  4 quicksilver dragons
  An eldritch tentacle (Depths:4)
  2 tentacled starspawn (Abyss:3)
  4 death cobs
  2 tengu reavers
  4 storm dragons
  A sphinx (Depths:3)
  A nagaraja (Depths:4)
  3 shadow dragons
  2 rockslimes
  6 draconian knights
  An azure jelly (shapeshifter) (Depths:2)
  4 fire giants
  7 draconian monks
  5 frost giants
  A deep elf sorcerer (Elf:3)
  5 draconian shifters
  3 azure jellies (Slime:5)
  A vault warden (Vaults:3)
  A balrug (Depths:3)
  3 draconian scorchers
  5 draconian annihilators
  A reaper (Zot:1)
  2 ironbound preservers
  10 very ugly things
  An ironbound thunderhulk (Vaults:3)
  A quicksilver ooze (Slime:2)
  3 draconian stormcallers
  5 stone giants (Depths:1)
  A war gargoyle (Depths:2)
  A vampire knight (Depths:3)
  A deep elf demonologist (Elf:3)
  7 black draconians
  10 green draconians
  9 purple draconians
  5 yellow draconians
  7 white draconians
  5 deep elf annihilators (Elf:3)
  12 red draconians
  An iron golem (Depths:2)
  A deep elf death mage (Elf:3)
  An ettin (shapeshifter) (Vaults:4)
  2 deep elf high priests
  2 ettins
  2 great orbs of eyes
  4 yaktaur captains
  4 fire dragons
  5 ice dragons
  A hydra (D:10)
  A vault guard (Vaults:3)
  An ironbound frostheart (Vaults:3)
  A peacekeeper (Vaults:4)
  A centaur warrior (Vaults:4)
  3 spriggan air magi
  5 deep troll shamans
  3 deep troll earth magi
  2 tengu warriors
  13 dancing weapons
  A shock serpent (Depths:2)
  A naga sharpshooter (Snake:4)
  2 nameless horrors
  A thrashing horror (Abyss:3)
  3 deep elf knights
  A spriggan berserker (Depths:1)
  2 sixfirhies
  3 iron trolls
  A spatial maelstrom (Abyss:3)
  2 sun demons
  A shadow demon (D:1)
  A death drake (Depths:4)
  7 deep trolls
  3 deep elf archers (Elf:2)
  9 glowing orange brains
  A phantasmal warrior (Vaults:3)
  A flayed ghost (Vaults:3)
  2 wizards
  A harpy (Vaults:4)
  2 ironbound convokers
  7 deep elf pyromancers
  6 deep elf zephyrmancers
  3 shining eyes
  A salamander (Depths:4)
  21 ugly things
  4 moths of wrath
  2 rust devils
  An eye of devastation (Slime:5)
  A molten gargoyle (Depths:2)
  3 vault sentinels
  An orange demon (D:8)
  2 smoke demons
  2 yaktaurs (Vaults:4)
  A tormentor (Zot:4)
  2 guardian mummies (Elf:1)
  2 tengu conjurers
  A large abomination (Abyss:3)
  15 slime creatures
  A wind drake (Depths:2)
  2 raiju
  4 fire elementals
  An air elemental (Depths:2)
  A neqoxec (D:1)
  6 water elementals
  A chaos spawn (Abyss:3)
  2 spatial vortices (Abyss:3)
  A swamp worm (shapeshifter) (Depths:1)
  3 earth elementals (Depths:2)
  A white imp (Abyss:3)
  An ufetubus (Abyss:3)
  A hobgoblin (shapeshifter) (Depths:2)
  2 ball lightnings (Depths:2)
429 creatures vanquished.

Vanquished Creatures (others)
  A lich (Zot:1)
  71 eldritch tentacles
  A draconian scorcher (Zot:5)
  A wizard (Abyss:3)
  2 red draconians
  A fire dragon (Depths:1)
  A deep elf knight (Elf:2)
  An orc sorcerer (Depths:4)
  2 ugly things
  A bloated husk (Swamp:4)
  13 ball lightnings (Depths:2)
  22 demonic plants (Gauntlet)
  24 foxfires
  15 fulminant prisms
  23 fungi
  145 plants
  2 starspawn tentacles (Abyss:3)
326 creatures vanquished.

Grand Total: 2567 creatures vanquished

Notes
Turn   | Place    | Note
-------+----------+-------------------------------------------
     0 | D:5      | GoddamnPoopooFuck the Gnoll Delver began the quest for the
                  | Orb.
     0 | D:5      | Reached XP level 1. HP: 23/23 MP: 1/1
     0 | D:5      | Found a radiant altar of Vehumet.
    44 | D:5      | Noticed a sky beast
    77 | D:5      | HP: 1/23 [centaur zombie (4)]
    81 | D:5      | Reached XP level 2. HP: 1/29 MP: 1/3
    81 | D:5      | Reached XP level 3. HP: 2/35 MP: 1/4
   432 | D:5      | Reached skill level 1 in Invocations
   439 | D:5      | Reached skill level 1 in Long Blades
   439 | D:5      | Reached skill level 1 in Axes
   439 | D:5      | Reached skill level 1 in Maces & Flails
   439 | D:5      | Reached skill level 1 in Polearms
   439 | D:5      | Reached skill level 1 in Staves
   439 | D:5      | Reached skill level 1 in Slings
   439 | D:5      | Reached skill level 1 in Bows
   439 | D:5      | Reached skill level 1 in Crossbows
   439 | D:5      | Reached skill level 1 in Throwing
   439 | D:5      | Reached skill level 1 in Armour
   439 | D:5      | Reached skill level 1 in Shields
   439 | D:5      | Reached skill level 1 in Unarmed Combat
   439 | D:5      | Reached skill level 1 in Spellcasting
   439 | D:5      | Reached skill level 1 in Evocations
   439 | D:5      | Reached XP level 4. HP: 41/41 MP: 5/5
   443 | D:5      | Noticed a scorpion
   509 | D:5      | Reached skill level 1 in Conjurations
   509 | D:5      | Reached skill level 1 in Hexes
   509 | D:5      | Reached skill level 1 in Summonings
   509 | D:5      | Reached skill level 1 in Necromancy
   509 | D:5      | Reached skill level 1 in Translocations
   509 | D:5      | Reached skill level 1 in Transmutations
   509 | D:5      | Reached skill level 1 in Fire Magic
   509 | D:5      | Reached skill level 1 in Ice Magic
   509 | D:5      | Reached skill level 1 in Air Magic
   509 | D:5      | Reached skill level 1 in Earth Magic
   509 | D:5      | Reached skill level 1 in Poison Magic
   515 | D:5      | Reached XP level 5. HP: 47/47 MP: 6/6
   558 | D:4      | Found a glowing drain.
   582 | D:4      | Noticed an ogre
   596 | Sewer    | Entered a sewer
  2156 | Sewer    | Reached XP level 6. HP: 40/53 MP: 8/8
  2281 | Sewer    | Reached skill level 5 in Short Blades
  2281 | Sewer    | Reached skill level 5 in Dodging
  2617 | D:4      | Reached XP level 7. HP: 39/59 MP: 10/10
  2647 | D:4      | Found a staircase to the Ecumenical Temple.
  2658 | Temple   | Entered the Ecumenical Temple
  3062 | Temple   | Became a worshipper of Cheibriados the Contemplative
  3133 | D:4      | Found a transporter.
  3541 | D:4      | Found a transporter.
  3975 | D:3      | Reached skill level 10 in Stealth
  4111 | D:3      | Reached * piety under Cheibriados
  4442 | D:3      | Found an iron altar of Okawaru.
  4605 | D:3      | You fall into a shaft and drop 2 floors!
  5209 | D:3      | Found a runed translucent door.
  5210 | D:3      | Noticed Crazy Yiuf
  5586 | D:2      | Reached ** piety under Cheibriados
  5876 | D:1      | Found a faded altar of an unknown god.
  6130 | D:1      | Reached XP level 8. HP: 67/67 MP: 12/12
  6743 | D:1      | Learned a level 2 spell: Searing Ray
  6835 | D:3      | Killed Crazy Yiuf
  7297 | D:5      | Learned a level 3 spell: Stone Arrow
  7878 | D:6      | Found Anuijy's Mass Market.
  8373 | D:7      | Noticed jejorda2's ghost (novice PaBe)
  8414 | D:7      | Reached XP level 9. HP: 53/72 MP: 2/14
  8645 | D:7      | Reached *** piety under Cheibriados
  9278 | D:7      | Found a runed translucent door.
  9344 | D:7      | Noticed Sigmund
  9417 | D:7      | Noticed Edmund
  9419 | D:7      | Killed Edmund
  9429 | D:7      | Killed Sigmund
  9763 | D:8      | Noticed a two-headed ogre
 10178 | D:8      | Reached skill level 5 in Invocations
 10620 | D:8      | Killed a two-headed ogre
 10621 | D:8      | Reached skill level 5 in Long Blades
 10621 | D:8      | Reached skill level 5 in Axes
 10621 | D:8      | Reached skill level 5 in Maces & Flails
 10621 | D:8      | Reached skill level 5 in Polearms
 10621 | D:8      | Reached skill level 5 in Staves
 10621 | D:8      | Reached skill level 5 in Slings
 10621 | D:8      | Reached skill level 5 in Bows
 10621 | D:8      | Reached skill level 5 in Crossbows
 10621 | D:8      | Reached skill level 5 in Throwing
 10621 | D:8      | Reached skill level 5 in Armour
 10621 | D:8      | Reached skill level 5 in Shields
 10621 | D:8      | Reached skill level 5 in Unarmed Combat
 10621 | D:8      | Reached skill level 5 in Spellcasting
 10621 | D:8      | Reached skill level 5 in Evocations
 10621 | D:8      | Reached XP level 10. HP: 81/81 MP: 14/17
 10657 | D:9      | Noticed Maurice
 10813 | D:9      | Reached **** piety under Cheibriados
 10870 | D:9      | Upgraded the game from 0.28-a0-1184-g53156a8862 to
                  | 0.28-a0-1190-g77e1c55843
 10876 | D:9      | Learned a level 4 spell: Fulminant Prism
 11351 | D:9      | Noticed Psyche
 11420 | D:9      | Killed Psyche
 11488 | D:9      | Reached ***** piety under Cheibriados
 11737 | D:9      | Killed Maurice
 11935 | D:10     | Entered Level 10 of the Dungeon
 11955 | D:10     | Noticed a gargoyle
 12007 | D:10     | Noticed a white ugly thing
 12329 | D:10     | Found a staircase to the Orcish Mines.
 12420 | D:10     | Reached XP level 11. HP: 79/87 MP: 17/19
 12486 | D:10     | Identified 2 scrolls of acquirement
 12486 | D:10     | Acquired the +9 staff of Olgreb {rPois∞}
 12486 | D:10     | Found the +9 staff of Olgreb {rPois∞}
 12526 | D:10     | Noticed a four-headed hydra
 12854 | D:10     | Reached skill level 5 in Conjurations
 12854 | D:10     | Reached skill level 5 in Hexes
 12854 | D:10     | Reached skill level 5 in Summonings
 12854 | D:10     | Reached skill level 5 in Necromancy
 12854 | D:10     | Reached skill level 5 in Translocations
 12854 | D:10     | Reached skill level 5 in Transmutations
 12854 | D:10     | Reached skill level 5 in Fire Magic
 12854 | D:10     | Reached skill level 5 in Ice Magic
 12854 | D:10     | Reached skill level 5 in Air Magic
 12854 | D:10     | Reached skill level 5 in Earth Magic
 12854 | D:10     | Reached skill level 5 in Poison Magic
 13188 | D:10     | Killed a four-headed hydra
 13487 | D:11     | Learned a level 3 spell: Ignite Poison
 13555 | D:11     | Noticed a four-headed hydra
 13563 | D:11     | Noticed a two-headed ogre
 13564 | D:11     | Killed a four-headed hydra
 13571 | D:11     | Killed a two-headed ogre
 13606 | D:11     | Learned a level 3 spell: Mephitic Cloud
 13780 | D:11     | Found a staircase to the Lair.
 13792 | D:11     | Noticed a white ugly thing
 14228 | D:11     | Killed a white ugly thing
 14261 | Lair:1   | Entered Level 1 of the Lair of Beasts
 14266 | Lair:1   | Acquired the amulet "Igiguiw" {rC- rN+ Regen+ Int+2}
 14407 | Lair:1   | Learned a level 5 spell: Freezing Cloud
 14609 | Lair:1   | Noticed an eight-headed hydra
 14614 | Lair:1   | Killed an eight-headed hydra
 14615 | Lair:1   | Reached XP level 12. HP: 96/96 MP: 12/22
 14759 | Lair:1   | Noticed an eight-headed hydra
 14769 | Lair:1   | Killed an eight-headed hydra
 14973 | Lair:1   | Found a stormy altar of Qazlal.
 16126 | Lair:2   | Reached skill level 10 in Fighting
 16906 | Lair:3   | Noticed a death yak
 16927 | Lair:2   | Killed a death yak
 16982 | Lair:3   | Noticed a death yak
 16984 | Lair:3   | Noticed a death yak
 16990 | Lair:2   | Killed a death yak
 16992 | Lair:3   | Noticed a death yak
 16992 | Lair:3   | Noticed a death yak
 17004 | Lair:3   | Killed a death yak
 17008 | Lair:3   | Killed a death yak
 17215 | Lair:3   | Reached XP level 13. HP: 103/103 MP: 20/24
 18250 | Lair:4   | Found a staircase to the Snake Pit.
 18376 | Lair:4   | Reached ****** piety under Cheibriados
 19204 | Lair:5   | Gained mutation: Your mind is acute. (Int +2) [potion of
                  | mutation]
 19204 | Lair:5   | Gained mutation: You tend to lose your temper in combat.
                  | [potion of mutation]
 19204 | Lair:5   | Gained mutation: Your flesh is cold resistant. (rC+)
                  | [potion of mutation]
 19205 | Lair:5   | Lost mutation: Your mind is acute. (Int +2) [potion of
                  | mutation]
 19205 | Lair:5   | Lost mutation: You tend to lose your temper in combat.
                  | [potion of mutation]
 19205 | Lair:5   | Lost mutation: Your flesh is cold resistant. (rC+) [potion
                  | of mutation]
 19205 | Lair:5   | Gained mutation: You are agile. (Dex +2) [potion of
                  | mutation]
 19205 | Lair:5   | Gained mutation: You have extremely sharp teeth. [potion of
                  | mutation]
 19205 | Lair:5   | Gained mutation: You have a pair of small horns on your
                  | head. [potion of mutation]
 20218 | Lair:6   | Entered Level 6 of the Lair of Beasts
 20432 | Lair:6   | Noticed a fire dragon
 20597 | Lair:6   | Reached skill level 10 in Short Blades
 20597 | Lair:6   | Reached skill level 10 in Dodging
 20603 | Lair:6   | Reached XP level 14. HP: 113/113 MP: 19/26
 21125 | Lair:6   | Found a staircase to the Slime Pits.
 21521 | Lair:6   | Reached skill level 10 in Invocations
 21685 | Lair:6   | Learned a level 5 spell: Lee's Rapid Deconstruction
 21712 | Lair:6   | Identified the +10 scimitar of Giuveh {vamp, rN+ Int+6}
 21737 | Lair:6   | Identified the +10 shadow dragon scales of Imoso {rElec
                  | Dex+4 Stlth++++}
 22364 | Orc:1    | Entered Level 1 of the Orcish Mines
 22583 | Orc:2    | Entered Level 2 of the Orcish Mines
 22680 | Orc:2    | Found a staircase to the Elven Halls.
 22736 | Orc:2    | Found Myasmyc's Magic Scroll Shoppe.
 22813 | Orc:2    | Found a gate leading to a gauntlet.
 22822 | Gauntlet | Entered a Gauntlet
 22822 | Gauntlet | Found a transporter.
 22822 | Gauntlet | Found a transporter.
 22828 | Gauntlet | Found a transporter.
 22846 | Gauntlet | Found a transporter.
 22861 | Gauntlet | Found a transporter.
 22874 | Gauntlet | Found a transporter.
 22879 | Gauntlet | Noticed a balrug
 22892 | Gauntlet | Found a transporter.
 22970 | Gauntlet | Found a transporter.
 22979 | Gauntlet | Found a transporter.
 22995 | Gauntlet | Found a transporter.
 23008 | Gauntlet | Found a transporter.
 23089 | Gauntlet | Found a transporter.
 23089 | Gauntlet | Found a transporter.
 23100 | Gauntlet | Found a transporter.
 23101 | Gauntlet | Found a transporter.
 23110 | Gauntlet | Found a transporter.
 23316 | Gauntlet | Killed a balrug
 23336 | Gauntlet | Identified the +4 ring mail of a wizard's laboratory {Harm
                  | *Slow Regen+ Dex+8}
 23337 | Gauntlet | Identified the ring of Dawn {rN+ Will+}
 23431 | Gauntlet | Identified the +6 hunting sling of Equilibrium {vorpal,
                  | Str+3 Dex+3}
 23432 | Gauntlet | Got the Disquisition on Dislocation
 23857 | Orc:2    | Found Rabur's General Store.
 23921 | Orc:2    | Bought 2 scrolls of identify for 64 gold pieces
 23923 | Orc:2    | Bought a scroll of identify for 32 gold pieces
 24278 | Orc:2    | Reached XP level 15. HP: 120/120 MP: 28/28
 24335 | Orc:2    | Found Jaacuh's Jewellery Boutique.
 24335 | Orc:2    | Found Loeculiy's Antique Weapon Shop.
 24383 | Orc:2    | Found a one-way gate leading to the halls of Pandemonium.
 24680 | Orc:2    | Found Cixoupp's Jewellery Boutique.
 25630 | Lair:2   | Reached skill level 10 in Long Blades
 25630 | Lair:2   | Reached skill level 10 in Axes
 25630 | Lair:2   | Reached skill level 10 in Maces & Flails
 25630 | Lair:2   | Reached skill level 10 in Polearms
 25630 | Lair:2   | Reached skill level 10 in Staves
 25630 | Lair:2   | Reached skill level 10 in Slings
 25630 | Lair:2   | Reached skill level 10 in Bows
 25630 | Lair:2   | Reached skill level 10 in Crossbows
 25630 | Lair:2   | Reached skill level 10 in Throwing
 25630 | Lair:2   | Reached skill level 10 in Armour
 25630 | Lair:2   | Reached skill level 10 in Shields
 25630 | Lair:2   | Reached skill level 10 in Unarmed Combat
 25630 | Lair:2   | Reached skill level 10 in Spellcasting
 25630 | Lair:2   | Reached skill level 10 in Evocations
 25636 | Lair:2   | Found a staircase to the Swamp.
 25660 | Lair:2   | Acquired the +2 pair of boots of Forking Paths {Int+4}
 25934 | Orc:2    | Bought a potion of mutation for 120 gold pieces
 25934 | Orc:2    | Gained mutation: A frigid envelope surrounds you and
                  | freezes all who hurt you. [potion of mutation]
 25934 | Orc:2    | Gained mutation: Your mind is acute. (Int +2) [potion of
                  | mutation]
 25934 | Orc:2    | Gained mutation: You are somewhat resistant to further
                  | mutation. [potion of mutation]
 26090 | D:12     | Noticed Josephine
 26130 | D:12     | Killed Josephine
 26160 | D:12     | Learned a level 6 spell: Starburst
 27715 | D:14     | Found a blossoming altar of Fedhas.
 27787 | D:14     | Found a gate to the Vaults.
 27787 | D:14     | Found Pumu's Book Shoppe.
 28614 | D:15     | Entered Level 15 of the Dungeon
 28820 | D:15     | Found a staircase to the Depths.
 28832 | D:15     | Reached XP level 16. HP: 128/128 MP: 25/30
 29402 | D:15     | Found a stormy altar of Qazlal.
 29849 | Swamp:1  | Entered Level 1 of the Swamp
 30068 | Swamp:1  | Noticed a tentacled monstrosity
 30079 | Swamp:1  | Killed a tentacled monstrosity
 30094 | Swamp:1  | Identified the +11 great mace of Duty {drain, rF+}
 31981 | Swamp:4  | Entered Level 4 of the Swamp
 32123 | Swamp:4  | Reached XP level 17. HP: 118/136 MP: 23/32
 32231 | Swamp:4  | Learned a level 6 spell: Iron Shot
 32295 | Swamp:4  | Noticed the 27-headed Lernaean hydra
 32305 | Swamp:4  | Killed the 27-headed Lernaean hydra
 32512 | Swamp:4  | Got a decaying rune of Zot
 32974 | Swamp:4  | Upgraded the game from 0.28-a0-1190-g77e1c55843 to
                  | 0.28-a0-1199-gef9e1dbd39
 33227 | Orc:2    | Bought a scroll of summoning for 152 gold pieces
 33421 | Snake:1  | Entered Level 1 of the Snake Pit
 33534 | Snake:1  | Found Pueps's Distillery.
 33580 | Snake:1  | HP: 4/205 [naga warrior (14)]
 33731 | Snake:1  | Bought a potion of ambrosia for 80 gold pieces
 33731 | Snake:1  | Bought a potion of magic for 80 gold pieces
 34293 | Snake:1  | Noticed Aizul
 34304 | Snake:1  | Killed Aizul
 34828 | Snake:1  | Reached skill level 10 in Conjurations
 34828 | Snake:1  | Reached skill level 10 in Hexes
 34828 | Snake:1  | Reached skill level 10 in Summonings
 34828 | Snake:1  | Reached skill level 10 in Necromancy
 34828 | Snake:1  | Reached skill level 10 in Translocations
 34828 | Snake:1  | Reached skill level 10 in Transmutations
 34828 | Snake:1  | Reached skill level 10 in Fire Magic
 34828 | Snake:1  | Reached skill level 10 in Ice Magic
 34828 | Snake:1  | Reached skill level 10 in Air Magic
 34828 | Snake:1  | Reached skill level 10 in Earth Magic
 34828 | Snake:1  | Reached skill level 10 in Poison Magic
 35112 | Snake:2  | Reached skill level 15 in Stealth
 35544 | Snake:2  | Reached XP level 18. HP: 144/144 MP: 19/34
 37923 | Snake:4  | Entered Level 4 of the Snake Pit
 38049 | Snake:4  | Noticed Vashnia
 38062 | Snake:4  | Killed Vashnia
 38491 | Snake:4  | Found Halynar's Weapon Emporium.
 38695 | Snake:4  | Identified the +1 flail "Enioril" {holy, Str+4}
 38799 | Snake:4  | Identified the +0 leather armour "Vizesod" {rPois}
 39197 | Snake:4  | Reached XP level 19. HP: 141/152 MP: 3/35
 39351 | Snake:4  | Got a serpentine rune of Zot
 39546 | Snake:1  | Bought a potion of resistance for 100 gold pieces
 39742 | Orc:2    | Bought the ring "Pini" {Will+ Int+4} for 606 gold pieces
 39815 | Orc:2    | Bought a ring of protection from cold for 300 gold pieces
 40023 | D:14     | Bought the Volume of Poisonous Translocation for 476 gold
                  | pieces
 40035 | Vaults:1 | Entered Level 1 of the Vaults
 40184 | Vaults:1 | Identified the +1 robe of Shadows and Fog {rC+ Will-
                  | Stlth+}
 40212 | Vaults:1 | Found a crumbling gateway.
 40434 | Vaults:1 | Noticed Asterion
 40445 | Vaults:1 | Killed Asterion
 40556 | Vaults:1 | Learned a level 7 spell: Ozocubu's Refrigeration
 43490 | Vaults:3 | Reached XP level 20. HP: 161/161 MP: 2/37
 43985 | Vaults:3 | Learned a level 7 spell: Spellforged Servitor
 44600 | Vaults:3 | Reached skill level 15 in Fighting
 44858 | Vaults:3 | Noticed Mennas
 44889 | Vaults:3 | Found a staircase to the Crypt.
 45029 | Vaults:3 | Identified the +8 flail "Baanlo" {speed, rCorr Int+4}
 45354 | Vaults:4 | Noticed Frederick
 45362 | Vaults:4 | Killed Frederick
 45544 | Vaults:4 | Reached skill level 15 in Invocations
 46515 | Vaults:4 | Reached XP level 21. HP: 115/169 MP: 1/39
 46955 | Vaults:4 | Acquired a book of the Spheres
 47693 | Elf:1    | Entered Level 1 of the Elven Halls
 48210 | Elf:1    | Reached skill level 15 in Short Blades
 48210 | Elf:1    | Reached skill level 15 in Dodging
 48346 | Elf:1    | Found a portal to a secret trove of treasure.
 48519 | Elf:1    | Noticed a pearl dragon
 48527 | Elf:1    | Killed a pearl dragon
 48539 | Elf:1    | Identified the +1 leather armour "Votouf" {Contam Rampage
                  | Int+6}
 48979 | Elf:1    | Got the Papyrus of Companions
 50155 | Elf:2    | Found a huge runed translucent gate.
 50155 | Elf:2    | Found a huge runed translucent gate.
 50155 | Elf:2    | Found a huge runed translucent gate.
 50155 | Elf:2    | Found a huge runed translucent gate.
 50157 | Elf:2    | Found a huge runed translucent gate.
 51231 | Elf:2    | Learned a level 7 spell: Malign Gateway
 51480 | Depths:1 | Entered Level 1 of the Depths
 51695 | Depths:1 | Reached XP level 22. HP: 147/178 MP: 28/40
 51702 | Depths:1 | Noticed an ancient lich
 52120 | Depths:1 | Found a gateway to Hell.
 52744 | Depths:1 | Found Oxzoidev's Distillery.
 52749 | Depths:1 | Bought a potion of brilliance for 64 gold pieces
 52749 | Depths:1 | Bought a potion of magic for 128 gold pieces
 52775 | Depths:1 | Killed an ancient lich
 52848 | Depths:1 | Reached skill level 15 in Long Blades
 52848 | Depths:1 | Reached skill level 15 in Axes
 52848 | Depths:1 | Reached skill level 15 in Maces & Flails
 52848 | Depths:1 | Reached skill level 15 in Polearms
 52848 | Depths:1 | Reached skill level 15 in Staves
 52848 | Depths:1 | Reached skill level 15 in Slings
 52848 | Depths:1 | Reached skill level 15 in Bows
 52848 | Depths:1 | Reached skill level 15 in Crossbows
 52848 | Depths:1 | Reached skill level 15 in Throwing
 52848 | Depths:1 | Reached skill level 15 in Armour
 52848 | Depths:1 | Reached skill level 15 in Shields
 52848 | Depths:1 | Reached skill level 15 in Unarmed Combat
 52848 | Depths:1 | Reached skill level 15 in Spellcasting
 52848 | Depths:1 | Reached skill level 15 in Evocations
 53678 | Depths:2 | Identified the ring "Rudonit" {Fly rCorr}
 53684 | Depths:2 | Identified the amulet "Zeophaps" {Acrobat Slay+2}
 53765 | Depths:2 | Identified the ring "Qofutw Wytz" {Will+ Str+6}
 53778 | Depths:2 | Found a one-way gate to the infinite horrors of the Abyss.
 53801 | Depths:2 | Identified the +2 robe of Gravitas {Rampage rPois rN+}
 53973 | Depths:2 | Identified the +9 rapier of Red Wine {flame, *Corrode rN+
                  | Dex+10}
 55020 | Depths:3 | Noticed a golden dragon
 55026 | Depths:3 | Killed a golden dragon
 55078 | Depths:3 | Reached XP level 23. HP: 186/186 MP: 14/42
 55080 | Depths:3 | Noticed a caustic shrike
 55084 | Depths:3 | Killed a caustic shrike
 55359 | Depths:3 | Noticed a golden dragon
 55362 | Depths:3 | Killed a golden dragon
 55477 | Depths:3 | Found a one-way gateway to a ziggurat.
 55654 | Depths:3 | Identified the +0 chain mail of Doiqitof {rF+++}
 55795 | Depths:3 | Noticed a juggernaut
 55802 | Depths:3 | Noticed a golden dragon
 55805 | Depths:3 | Killed a golden dragon
 55820 | Depths:3 | Killed a juggernaut
 55856 | Depths:3 | Got the Compendium of Unstable Poison
 56220 | Depths:4 | Entered Level 4 of the Depths
 56906 | Depths:4 | Noticed a golden dragon
 56917 | Depths:4 | Killed a golden dragon
 56984 | Depths:4 | Noticed a golden dragon
 56993 | Depths:4 | Killed a golden dragon
 57111 | Depths:4 | Noticed a golden dragon
 57119 | Depths:4 | Killed a golden dragon
 57345 | Depths:4 | Identified the amulet "Jom Gost" {Spirit Slay+3}
 57560 | Depths:4 | Found a runed translucent door.
 57634 | Depths:4 | Found a radiant altar of Vehumet.
 57635 | Depths:4 | Noticed an ancient lich
 57989 | Depths:4 | Noticed a golden dragon
 57997 | Depths:4 | Killed a golden dragon
 58272 | Depths:4 | Noticed a golden dragon
 58278 | Depths:4 | Killed a golden dragon
 58279 | Depths:4 | Reached XP level 24. HP: 166/195 MP: 27/43
 58304 | Depths:4 | Found a gate to the Realm of Zot.
 58895 | Elf:3    | Entered Level 3 of the Elven Halls
 59298 | Elf:3    | Identified the +8 falchion "Hydraslayer" {freeze, rPois
                  | Dex+4 SInv}
 59326 | Elf:3    | Identified the ring of the Duke {rElec Dex+6}
 59834 | Elf:3    | Identified the ring "Atynuz" {Wiz Dex+2}
 60008 | Elf:3    | Paralysed by an air elemental for 1 turns
 60449 | Elf:3    | Got the Compendium of the Creative Volcanoes
 60530 | Elf:3    | Identified the +1 hunting sling of the Penguin {vorpal,
                  | rElec rCorr Dex-5 Stlth+}
 60536 | Elf:3    | Identified the +0 ring mail of Deuloisch {SInv}
 61345 | Elf:3    | Learned a level 8 spell: Ignition
 61628 | Slime:1  | Entered Level 1 of the Pits of Slime
 63189 | Slime:5  | Entered Level 5 of the Pits of Slime
 63541 | Slime:5  | Found a viscous altar of Jiyva.
 63700 | Slime:5  | Noticed the Royal Jelly
 63708 | Slime:5  | Killed the Royal Jelly
 63855 | Slime:5  | Got the Guide on the Mutagenic Rocks
 63886 | Slime:5  | Identified the ring "Viylacve" {rPois Str+6 Int+2}
 63950 | Slime:5  | Got Sif Muna's Tome of Calling and Dislocation
 63967 | Slime:5  | Identified the +7 mace "Meoxzerr" {antimagic, Dex+2 Stlth+}
 63971 | Slime:5  | Identified the +6 glaive "Jate" {pain, rCorr Dex+6}
 64032 | Slime:3  | Reached XP level 25. HP: 192/203 MP: 13/43
 65733 | Depths:1 | Bought a potion of might for 64 gold pieces
 65733 | Depths:1 | Bought a potion of mutation for 128 gold pieces
 65934 | Orc:2    | Bought a scroll of silence for 120 gold pieces
 65934 | Orc:2    | Bought a scroll of teleportation for 48 gold pieces
 65934 | Orc:2    | Bought a scroll of teleportation for 48 gold pieces
 65936 | Orc:2    | Bought 2 potions of brilliance for 120 gold pieces
 66535 | Slime:5  | Got a slimy rune of Zot
 66903 | Zot:1    | Entered Level 1 of the Realm of Zot
 67497 | Zot:1    | Found a transporter.
 68086 | Zot:1    | Found a transporter.
 68289 | Zot:1    | Lost mutation: Your mind is acute. (Int +2) [potion of
                  | mutation]
 68289 | Zot:1    | Lost mutation: You have a pair of small horns on your head.
                  | [potion of mutation]
 68289 | Zot:1    | Lost mutation: You are somewhat resistant to further
                  | mutation. [potion of mutation]
 68289 | Zot:1    | Lost mutation: You are agile. (Dex +2) [potion of mutation]
 68661 | Zot:1    | Noticed a dread lich
 68687 | Zot:1    | Killed a dread lich
 68738 | Zot:1    | Identified the amulet "Xite" {Spirit *Corrode rElec rN++
                  | Str+3}
 68741 | Zot:1    | Identified the ring "Doupel" {Drain rF++ rCorr EV+4 Slay+5}
 68757 | Zot:1    | Identified the ring of Qiepni {rC+ rN+ rCorr}
 69073 | Zot:2    | Got the Guide on Mutagenic Ignition
 69308 | Zot:2    | Found a runed translucent gate.
 69308 | Zot:2    | Found a runed translucent gate.
 69309 | Zot:2    | Found a runed translucent gate.
 69310 | Zot:2    | Noticed Eheohidd's ghost (veteran TrCK)
 69539 | Zot:2    | Noticed a Killer Klown
 69564 | Zot:2    | Killed a Killer Klown
 70825 | Zot:3    | Reached XP level 26. HP: 211/213 MP: 27/44
 70833 | Zot:3    | Cast into level 3 of the Abyss (white draconian
                  | stormcaller)
 71285 | Abyss:3  | Found a corrupted altar of Lugonu.
 71373 | Abyss:3  | Got an abyssal rune of Zot
 71639 | Zot:3    | Escaped the Abyss
 71945 | Zot:3    | Reached skill level 15 in Conjurations
 71945 | Zot:3    | Reached skill level 15 in Hexes
 71945 | Zot:3    | Reached skill level 15 in Summonings
 71945 | Zot:3    | Reached skill level 15 in Necromancy
 71945 | Zot:3    | Reached skill level 15 in Translocations
 71945 | Zot:3    | Reached skill level 15 in Transmutations
 71945 | Zot:3    | Reached skill level 15 in Fire Magic
 71945 | Zot:3    | Reached skill level 15 in Ice Magic
 71945 | Zot:3    | Reached skill level 15 in Air Magic
 71945 | Zot:3    | Reached skill level 15 in Earth Magic
 71945 | Zot:3    | Reached skill level 15 in Poison Magic
 72516 | Zot:3    | Noticed an orb of fire
 72536 | Zot:3    | Killed an orb of fire
 73302 | Zot:4    | Found the +4 dragonskin cloak
 73302 | Zot:4    | Noticed Tiamat
 73318 | Zot:4    | Killed Tiamat
 74126 | Zot:5    | Entered Level 5 of the Realm of Zot
 74460 | Zot:4    | Learned a level 8 spell: Summon Horrible Things
 74734 | Zot:5    | Noticed an orb of fire
 74737 | Zot:5    | Noticed an ancient lich
 74747 | Zot:5    | Killed an orb of fire
 74750 | Zot:5    | Killed an ancient lich
 74758 | Zot:5    | Noticed a dread lich
 74764 | Zot:5    | Killed a dread lich
 74777 | Zot:5    | Noticed an ancient lich
 74786 | Zot:5    | Killed an ancient lich
 74787 | Zot:5    | Reached XP level 27. HP: 221/221 MP: 10/45
 74894 | Zot:5    | Noticed an ancient lich
 74901 | Zot:5    | Killed an ancient lich
 75129 | Zot:5    | Noticed an orb of fire
 75131 | Zot:5    | Noticed a dread lich
 75131 | Zot:5    | Noticed an ancient lich
 75131 | Zot:5    | Noticed a dread lich
 75137 | Zot:5    | Killed a dread lich
 75137 | Zot:5    | Killed an ancient lich
 75148 | Zot:5    | Killed an orb of fire
 75159 | Zot:5    | Noticed a dread lich
 75162 | Zot:5    | Noticed an ancient lich
 75172 | Zot:5    | Gained mutation: Your spells are a little easier to cast,
                  | but a little less powerful. [a cacodemon]
 75176 | Zot:5    | Gained mutation: Your spells are easier to cast, but less
                  | powerful. [a cacodemon]
 75177 | Zot:5    | Killed a dread lich
 75189 | Zot:5    | Killed an ancient lich
 75192 | Zot:5    | Killed a dread lich
 75720 | Zot:5    | Got the Orb of Zot
 75743 | Zot:5    | Gained mutation: Your spells are much easier to cast, but
                  | much less powerful. [a cacodemon]
 75747 | Zot:5    | Gained mutation: Your body sometimes deteriorates upon
                  | taking damage. [a cacodemon]
 75943 | Zot:1    | Noticed Harchaquc the pandemonium lord
 76624 | D:$      | Escaped with the Orb!

Illustrated notes

Levels and vault maps discovered:
D:1:      dpeg_arrival_concentric_ovals, layout_loops_corners,
          shapermc_ecumenical_altar_mp_ritualfount
D:2:      layout_basic
D:3:      layout_loops_ring, okawaru_altar_gauntlet_db, uniq_crazy_yiuf_cottage
D:4:      gammafunk_cloud_chamber, layout_rooms, minmay_temple_entry_mist,
          gup_sewer_entry_pipe
D:5:      layout_gridville, fiery_altar_vehumet, minmay_quadrilaterals
D:6:      layout_basic, kennysheep_doodads, minmay_shop_mass,
          mrwooster_statue_mirror
D:7:      layout_rooms, hellmonk_ghost_happy_afterlife, sigmund_edmund_badplayer
D:8:      layout_basic
D:9:      layout_loops_ring, serial_bayou_pond_c, uniq_psyche, uniq_maurice
D:10:     wander_river, layout_loops_cross, orc_0_dummy
D:11:     layout_basic, dpeg_oklobed_lair
D:12:     layout_irregular_city, grunt_ogre_cave, uniq_josephine
D:13:     layout_cave_pools
D:14:     layout_cave_pods, erik_vaults_1, serial_shops, nicolae_square_shop,
          lemuel_tele_altar, drop_trap
D:15:     hangedman_depths_entry_try_elsewhere_first, layout_irregular_city,
          serial_rivers, chequers_serial_rivers_room_a,
          chequers_serial_rivers_micro_a, chequers_serial_rivers_micro_d,
          chequers_serial_rivers_large_a, chequers_serial_rivers_small_b,
          nicolae_qazlal_scattered_showers, st_stairs_8
Temple:   mainiacjoe_temple_cubbyholes
Lair:1:   layout_roguey, basic_altar, infiniplex_staircase_pool_2,
          lemuel_fruit_tree
Lair:2:   layout_layer_cave, nicolae_swamp_entry_splash_gauntlet, serial_forest,
          infiniplex_forest_corner_1, infiniplex_forest_straight_2,
          infiniplex_forest_straight_4, infiniplex_forest_clump_diagonal,
          infiniplex_forest_clump_large, infiniplex_forest_clump_small,
          infiniplex_forest_straight_4, enter_volcano_4
Lair:3:   layout_cave_pods, grunt_megastairs_5
Lair:4:   layout_hall_layers, guppyfry_snake_entry_garden, minmay_lindwurm_lava,
          infiniplex_staircase_pool
Lair:5:   layout_layer_cave, beast_lair_carwin_9
Lair:6:   guppyfry_lair_end_dragon, layout_long_grid,
          hangedman_lair_caniforms_friends, minmay_slime_entry_pillars
Swamp:1:  layout_basic_swamp, evilmike_swamp_ruin_house_1
Swamp:2:  nicolae_swamp_secret_spriggan_hideout, layout_falls_marsh,
          hangedman_swamp_ruin_hall
Swamp:3:  layout_falls_marsh, serial_swamp_ruin, evilmike_swamp_ruin_rubble_1,
          evilmike_swamp_ruin_house_4, evilmike_swamp_ruin_rubble_2
Swamp:4:  swamp_old_school, layout_basic_swamp
Snake:1:  layout_onion_interference, serial_shops, nicolae_diamond_shop,
          hangedman_venom_bottle, serial_bayou_shore_a, grunt_megastairs_3,
          uniq_aizul
Snake:2:  nicolae_snakescales, layout_gridlike, nrook_guardian_serpent_double
Snake:3:  layout_chambers
Snake:4:  grunt_snake_rune_pools, layout_cave_town, serial_shops,
          nicolae_shop_bloodbath_and_beyond, uniq_vashnia
Slime:1:  layout_caves
Slime:2:  layout_caves
Slime:3:  layout_caves
Slime:4:  layout_caves
Slime:5
Orc:1:    layout_caves, basic_altar
Orc:2:    pf_orc_diabolical, layout_caves, gauntlet_entry_generic, serial_shops,
          shop_fountains, portal_ice_cave_entry_pillars_2
Elf:1:    minmay_the_grid_net [minmay_the_grid_small_cups,
          minmay_the_grid_dragon_a, minmay_the_grid_fan,
          minmay_the_grid_diamond_grid, minmay_the_grid_spikes,
          minmay_the_grid_prize_inner_circle], layout_rooms,
          nicolae_trove_entry_path_of_doom, minmay_elf_demonology
Elf:2:    elven_hall_of_blades_hangedman_alternative [grunt_blade_entry_basic],
          layout_loops_cross
Elf:3:    grunt_elf_hall_diamonds, layout_loops_ring
Vaults:1: portal_desolation_entry_salt, grunt_vaults_twisty, v_misc_26,
          grunt_vaults_bifocal, hangedman_vaults_pinch, hangedman_vaults_trim,
          vaults_room_door_hall, nicolae_vaults_network_quinsquares
          [nicolae_vaults_network_quincunx_subvault,
          nicolae_vaults_network_quincunx_subvault,
          nicolae_vaults_network_quincunx_subvault,
          nicolae_vaults_network_quincunx_subvault], ontoclasm_vaults_bender,
          nicolae_vaults_rhombus_5, vaults_room_semicircle,
          layout_vaults_big_room, uniq_asterion
Vaults:2: nicolae_vaults_shelves_hall, vaults_mumra_hex, v_misc_32,
          hangedman_vaults_nails, nicolae_vaults_what_the_h,
          layout_vaults_omnigrid
Vaults:3: nicolae_vaults_back_hallway, minmay_crypt_entry_simple_box,
          vaults_room_stairs_pillars, grunt_vaults_funnel,
          vaults_room_grunt_arrival_ludios, ontoclasm_vaults_ring_small,
          ontoclasm_vaults_idyll, grunt_vaults_focal, vaults_mumra_hexcomb,
          v_alt_pattern_5, hangedman_vaults_corner_blocks,
          nicolae_vaults_quartermaster, layout_vaults_ring, uniq_mennas
Vaults:4: v_pattern_2, hangedman_vaults_capsules,
          nicolae_vaults_network_quincunx
          [nicolae_vaults_network_quincunx_subvault,
          nicolae_vaults_network_quincunx_subvault,
          nicolae_vaults_network_quincunx_subvault,
          nicolae_vaults_network_quincunx_subvault,
          nicolae_vaults_network_quincunx_subvault], grunt_vaults_diagonal,
          v_misc_24, st_greater_box_1, vaults_room_stairs_pillars,
          hangedman_vaults_stagger, vaults_standard_mumra_enter_the_diamond,
          v_alt_pattern_6, grunt_vaults_hallway_short, layout_vaults_omnibox,
          uniq_frederick
Depths:1: layout_gridville, moated_statue, serial_shops,
          nicolae_shop_behind_doors, pf_coc_iceberg, nzn_random_ring
Depths:2: radiant_caverns_a_rkd, hell_entry, abyss_entry, pan_entry
Depths:3: minmay_concentric_multi, layout_honeycomb, enter_ziggurat_b,
          abyss_entry, lightli_too_deep
Depths:4: lemuel_castle_with_subvaults [lemuel_castle_interior_carwin_2],
          layout_cave_pools, minmay_misc_feat_tiny, hell_entry,
          grunt_absolute_annihilation
Zot:1:    gammafunk_its_a_trap, layout_gridlike
Zot:2:    layout_gridlike, gammafunk_ghost_split, grunt_megastairs_4
Zot:3:    layout_gridlike, amethyst_zot_foddershock
Zot:4:    layout_gridlike, uniq_tiamat
Zot:5:    layout_basic

Skill      XL: |  1  2  3  4  5  6  7  8  9 10 11 12 13 14 15 16 17 18 19 20 21 22 23 24 25 26 27 |
---------------+----------------------------------------------------------------------------------+-----
Stealth        | 10 11 12 13 14 15 16 17 18 19 20 | 20.4
Invocations    | 1 2 3 4 5 6 7 8 9 10 11 12 13 14 15 16 17 18 19 20 | 20.0
Long Blades    | 1 2 3 5 6 7 8 9 10 11 12 13 14 15 16 17 18 | 18.5
Axes           | 1 2 3 5 6 7 8 9 10 11 12 13 14 15 16 17 18 | 18.5
Maces & Flails | 1 2 3 5 6 7 8 9 10 11 12 13 14 15 16 17 18 | 18.5
Polearms       | 1 2 3 5 6 7 8 9 10 11 12 13 14 15 16 17 18 | 18.5
Staves         | 1 2 3 5 6 7 8 9 10 11 12 13 14 15 16 17 18 | 18.5
Slings         | 1 2 3 5 6 7 8 9 10 11 12 13 14 15 16 17 18 | 18.5
Bows           | 1 2 3 5 6 7 8 9 10 11 12 13 14 15 16 17 18 | 18.5
Crossbows      | 1 2 3 5 6 7 8 9 10 11 12 13 14 15 16 17 18 | 18.5
Throwing       | 1 2 3 5 6 7 8 9 10 11 12 13 14 15 16 17 18 | 18.5
Armour         | 1 2 3 5 6 7 8 9 10 11 12 13 14 15 16 17 18 | 18.5
Shields        | 1 2 3 5 6 7 8 9 10 11 12 13 14 15 16 17 18 | 18.5
Unarmed Combat | 1 2 3 5 6 7 8 9 10 11 12 13 14 15 16 17 18 | 18.5
Spellcasting   | 1 2 3 5 6 7 8 9 10 11 12 13 14 15 16 17 18 | 18.5
Evocations     | 1 2 3 5 6 7 8 9 10 11 12 13 14 15 16 17 18 | 18.5
Conjurations   | 1 2 3 4 5 6 7 8 9 10 11 12 13 14 15 | 15.8
Hexes          | 1 2 3 4 5 6 7 8 9 10 11 12 13 14 15 | 15.8
Summonings     | 1 2 3 4 5 6 7 8 9 10 11 12 13 14 15 | 15.8
Necromancy     | 1 2 3 4 5 6 7 8 9 10 11 12 13 14 15 | 15.8
Translocations | 1 2 3 4 5 6 7 8 9 10 11 12 13 14 15 | 15.8
Transmutations | 1 2 3 4 5 6 7 8 9 10 11 12 13 14 15 | 15.8
Fire Magic     | 1 2 3 4 5 6 7 8 9 10 11 12 13 14 15 | 15.8
Ice Magic      | 1 2 3 4 5 6 7 8 9 10 11 12 13 14 15 | 15.8
Air Magic      | 1 2 3 4 5 6 7 8 9 10 11 12 13 14 15 | 15.8
Earth Magic    | 1 2 3 4 5 6 7 8 9 10 11 12 13 14 15 | 15.8
Poison Magic   | 1 2 3 4 5 6 7 8 9 10 11 12 13 14 15 | 15.8
Short Blades   | 5 6 7 8 9 10 11 12 13 14 15 16 17 18 19 | 19.0
Dodging        | 5 6 7 8 9 10 11 12 13 14 15 16 17 18 19 | 19.0
Fighting       | 7 8 9 10 11 12 13 14 15 16 17 18 19 | 19.4

Action                   |  1- 3 |  4- 6 |  7- 9 | 10-12 | 13-15 | 16-18 | 19-21 | 22-24 | 25-27 || total
-------------------------+-------+-------+-------+-------+-------+-------+-------+-------+-------++-------
Melee: Short sword       |    15 |   279 |   243 |       |       |       |       |       |       ||   537
       Bite              |     4 |    21 |    61 |    32 |   165 |   152 |   129 |   122 |   106 ||   792
       Dagger            |       |       |   198 |    16 |       |       |       |       |       ||   214
       Punch             |       |       |    16 |       |       |       |       |       |       ||    16
       Dire flail        |       |       |       |    54 |       |       |       |       |       ||    54
       Staff             |       |       |       |   111 |   696 |   850 |   163 |    21 |    35 ||  1876
       Headbutt          |       |       |       |       |   242 |   320 |   194 |   215 |    37 ||  1008
       Scimitar          |       |       |       |       |       |       |   346 |   423 |   374 ||  1143
Throw: Dart              |       |       |     5 |     5 |       |       |     2 |       |       ||    12
       Throwing net      |       |       |       |     1 |       |       |       |       |       ||     1
       Javelin           |       |       |       |       |       |       |    74 |     4 |     3 ||    81
 Cast: Stone Arrow       |       |       |    37 |    94 |   143 |    86 |     8 |    11 |       ||   379
       Searing Ray       |       |       |     9 |    21 |     3 |     1 |       |       |       ||    34
       Fulminant Prism   |       |       |       |    13 |     1 |     1 |       |       |       ||    15
       Ignite Poison     |       |       |       |    12 |    15 |     3 |     7 |     1 |       ||    38
       Mephitic Cloud    |       |       |       |    10 |    13 |       |       |       |       ||    23
       Freezing Cloud    |       |       |       |     7 |    57 |    54 |    22 |    24 |    13 ||   177
       Lee's Rapid Decon |       |       |       |       |     6 |     2 |       |    65 |       ||    73
       Iron Shot         |       |       |       |       |       |    23 |    49 |    78 |    66 ||   216
       Starburst         |       |       |       |       |       |     4 |     2 |       |       ||     6
       Ozocubu's Refrige |       |       |       |       |       |       |    59 |    27 |    15 ||   101
       Spellforged Servi |       |       |       |       |       |       |    63 |    66 |    58 ||   187
       Malign Gateway    |       |       |       |       |       |       |     3 |    48 |    22 ||    73
       Ignition          |       |       |       |       |       |       |       |     4 |    34 ||    38
       Summon Horrible T |       |       |       |       |       |       |       |       |    42 ||    42
Invok: Bend Time         |       |       |     3 |     7 |       |     1 |       |       |     1 ||    12
       Temporal Distorti |       |       |       |     1 |     2 |    11 |     6 |       |       ||    20
       Step From Time    |       |       |       |       |     1 |       |     3 |       |       ||     4
       Slouch            |       |       |       |       |       |     1 |       |       |       ||     1
 Abil: Evoke the Staff o |       |       |       |    10 |    14 |     2 |     6 |     3 |       ||    35
Evoke: Wand              |       |       |    10 |    11 |     2 |    11 |     1 |     3 |     3 ||    41
       Condenser vane    |       |       |       |       |       |     2 |     2 |     1 |     4 ||     9
       Lightning rod     |       |       |       |       |       |     5 |    11 |     2 |    11 ||    29
       Phantom mirror    |       |       |       |       |       |     1 |       |     1 |     3 ||     5
       Box of beasts     |       |       |       |       |       |       |       |     6 |     5 ||    11
       Phial of floods   |       |       |       |       |       |       |       |       |     1 ||     1
  Use: Potion            |     1 |     3 |     4 |     2 |     8 |     5 |     8 |     2 |    18 ||    51
       Scroll            |       |     7 |     4 |    12 |    20 |     9 |    16 |     9 |    14 ||    91
 Stab: Sleeping          |     2 |     3 |    35 |     9 |    32 |    39 |    32 |    16 |    22 ||   190
       Distracted        |       |     1 |     1 |     1 |     7 |     4 |     7 |    21 |     6 ||    48
       Paralysed         |       |       |     1 |       |       |       |       |       |       ||     1
       Invisible         |       |       |       |       |     6 |       |       |       |       ||     6
       Confused          |       |       |       |       |     6 |       |       |     1 |       ||     7
       Fleeing           |       |       |       |       |       |     1 |     1 |       |       ||     2
Armor: Leather armour    |     8 |    27 |    59 |    53 |    38 |       |       |       |       ||   185
       Ring mail         |       |    40 |    43 |       |       |       |       |       |       ||    83
       Skin              |       |       |    20 |       |       |       |       |       |       ||    20
       Shadow dragon sca |       |       |       |       |    89 |   231 |   151 |   124 |   157 ||   752
Dodge: Dodged            |    10 |   156 |   279 |   251 |   506 |   653 |   371 |   249 |   448 ||  2923
Block: Buckler           |       |       |       |    46 |   266 |   371 |   283 |   163 |   220 ||  1349
       Reflection        |       |       |       |       |       |       |    16 |    10 |     4 ||    30

Table legend: (Time is in decaauts)
 A = Elapsed time spent in this place.
 B = Non-inter-level travel time spent in this place.
 C = Inter-level travel time spent in this place.
 D = Time resting spent in this place.
 E = Time spent auto-exploring this place.
 F = Levels seen in this place.
 G = Mean time per level.
                   A        B        C        D        E       F      G
               +--------+--------+--------+--------+--------+-----+--------+
         Total | 118908 | 104839 |  14069 |  13825 |  51802 |  56 | 2123.4 |
       Dungeon |  26608 |  22130 |   4478 |   2071 |  12999 |  15 | 1773.9 |
        Temple |    435 |    369 |     66 |      0 |    364 |   1 |  435.0 |
          Lair |  15067 |  12896 |   2171 |    985 |   8786 |   6 | 2511.2 |
         Swamp |   5400 |   5109 |    291 |    148 |   3332 |   4 | 1350.0 |
     Snake Pit |   9974 |   9257 |    717 |   1040 |   4913 |   4 | 2493.5 |
    Slime Pits |   5610 |   5126 |    484 |    972 |   2472 |   5 | 1122.0 |
  Orcish Mines |   5395 |   3676 |   1719 |    473 |   1819 |   2 | 2697.5 |
   Elven Halls |   9192 |   8460 |    732 |   1403 |   3146 |   3 | 3064.0 |
        Vaults |  11893 |  11289 |    604 |   1588 |   5352 |   4 | 2973.2 |
        Depths |  12591 |  10694 |   1897 |   1403 |   4307 |   4 | 3147.8 |
           Zot |  12075 |  11170 |    905 |   2487 |   3948 |   5 | 2415.0 |
         Abyss |   1073 |   1073 |      0 |    273 |    338 |   1 | 1073.0 |
         Sewer |   2159 |   2159 |      0 |    919 |     22 |   1 | 2159.0 |
      Gauntlet |   1431 |   1431 |      0 |     61 |      0 |   1 | 1431.0 |
               +--------+--------+--------+--------+--------+-----+--------+

Top non-repeatable levels by time:
   Orc:2: 3857 daAuts
Depths:4: 3519 daAuts
   Elf:3: 3411 daAuts
Depths:3: 3397 daAuts
Vaults:4: 3394 daAuts
Vaults:2: 3263 daAuts
  Lair:2: 3207 daAuts
   Elf:2: 3123 daAuts
  Lair:6: 3119 daAuts
    D:11: 2943 daAuts
   Zot:1: 2888 daAuts
Depths:1: 2845 daAuts
Depths:2: 2830 daAuts
Vaults:1: 2783 daAuts
 Snake:3: 2777 daAuts
